 Dungeon Crawl Stone Soup version 0.29-a0-824-gd827844252 (webtiles) character file.

Game seed: 3075886320679190647

21 jimonade the Insei (level 2, -4/18 HPs)
             Began as an Octopode Transmuter on July 11, 2022.
             Slain by a gnoll
             ... wielding a +0 flail
              (8 damage)
             ... on level 1 of the Dungeon.
             The game lasted 00:01:52 (820 turns).

jimonade the Insei (Octopode Transmuter)             Turns: 820, Time: 00:01:53

Health: -4/18      AC:  1    Str:  9    XL:     2   Next: 87%
Magic:  3/5        EV: 13    Int: 15    God:
Gold:   55         SH:  0    Dex: 12    Spells: 4/5 levels left

rFire   . . .      SeeInvis .     - Unarmed
rCold   . . .      Faith    .   (no shield)
rNeg    . . .      Spirit   .   (helmet currently unavailable)
rPois   .          Reflect  .   (no amulet)
rElec   .          Harm     .   (no ring)
rCorr   .          Rampage  .   (no ring)
Will    .....                   (no ring)
Stlth   ++........              (no ring)
HPRegen 0.06/turn               (no ring)
MPRegen 0.09/turn               (no ring)
                                (no ring)
                                (no ring)

@: appendages, very slightly contaminated
A: tentacle spike 3, almost no armour, amphibious, 8 rings, camouflage 1,
gelatinous body 1, (nimble swimmer 1), tentacles
a: End Transformation


You were on level 1 of the Dungeon.
One of your tentacles had grown a beastly spike.
You visited 1 branch of the dungeon, and saw 1 of its levels.

You collected 55 gold pieces.

Inventory:

Missiles
 l - 19 stones
Armour
 m - an orb of mayhem
Wands
 k - a wand of charming (9)
Scrolls
 c - 5 scrolls of identify {unknown}
 d - a scroll of amnesia {unknown}
 e - a scroll of enchant weapon {unknown}
 i - 2 scrolls of teleportation {unknown}
 j - a scroll of torment {unknown}
Potions
 a - a potion of lignification
 b - 2 potions of ambrosia {unknown}
 f - a potion of brilliance {unknown}
 g - a potion of heal wounds {unknown}
 h - 2 potions of curing {unknown}
 n - a potion of flight {unknown}
 o - a potion of attraction {unknown}


   Skills:
 * Level 1.5 Fighting
 + Level 2.1 Dodging
 + Level 3.3 Unarmed Combat
 + Level 2.1 Spellcasting
 + Level 2.1 Transmutations


You had 4 spell levels left.
You knew the following spells:

 Your Spells              Type           Power      Damage    Failure   Level
a - Beastly Appendage     Tmut           16%        N/A       9%          1

Your spell library contained the following spells:

 Spells                   Type           Power      Damage    Failure   Level
 Wereblood                Tmut           8%         N/A       14%         2
 Spider Form              Tmut/Pois      4%         N/A       38%         3
 Ice Form                 Ice/Tmut       4%         N/A       80%         4


Dungeon Overview and Level Annotations

Branches:
Dungeon (1/15)

Altars:


Innate Abilities, Weirdness & Mutations

One of your tentacles has grown a beastly spike.
You cannot wear most types of armour.
You are amphibious.
You can wear up to eight rings at the same time.
Your skin changes colour to match your surroundings (Stealth+).
Your rubbery body absorbs attacks. (AC +1, EV +1)
((You are camouflaged when in or above water. (Stealth+)))
You have tentacles for arms and can constrict up to eight enemies at once.


Message History

You kill the kobold!
A ball python comes into view.
Your transformation is almost over.
You closely miss the ball python.
The ball python hisses angrily.
Your grab misses the ball python. Your squeeze misses the ball python.
The ball python bites you. The ball python grabs you.
The ball python constricts you.
A goblin comes into view. It is wielding a +0 club.
You escape the ball python's grasp.
The ball python bites you. The ball python grabs you.
The ball python constricts you.
You escape the ball python's grasp.
You are too injured to fight recklessly!
You are too injured to fight recklessly!
You are too injured to fight recklessly!
You are too injured to fight recklessly!
You tentacle-slap the ball python but do no damage.
Your grab misses the ball python.
Your tentacle spike misses the ball python.
The ball python bites you. The ball python barely misses you.
You tentacle-slap the ball python.
You kill the ball python!
Your tentacle spike disappears.
You are too injured to fight recklessly!
You are too injured to fight recklessly!
Casting: Beastly Appendage (safe; 9% risk of failure)
Press: ? - help, Q - select action, (/) - cycle Dir - look around, f - activate You miscast Beastly Appendage.
You are very lightly contaminated with residual magic.
Nothing appears to happen.
Casting: Beastly Appendage (safe; 9% risk of failure)
Press: ? - help, Q - select action, (/) - cycle Dir - look around, f - activate One of your tentacles grows a vicious spike.
The gnoll hits you with a +0 flail.
* * * LOW HITPOINT WARNING * * *
You tentacle-slap the gnoll. Your grab misses the gnoll.
Your tentacle spike misses the gnoll.
Your squeeze misses the gnoll.
The gnoll is lightly wounded.
The gnoll hits you with a +0 flail!
You die...

#...........#........#
##.........##....)...#
#.)####.#####....###....
..## #.##......## .
..#####.##†#.##.#
...........# #†##
.######..###. #..# ##
##.###. ##g#
#.##..###@####
#..#.#.......# .#
###.#.#.......##.#
##.#.#.#..........#
#..............####
##.#.#.#.......#
#......>...>...#
##.#.#.#.......#
#..............#


You could see a gnoll.

Vanquished Creatures
  A dart slug (D:1)
  A ball python (D:1)
  2 bats (D:1)
  3 endoplasms (D:1)
  A giant cockroach (D:1)
  3 goblins (D:1)
  A hobgoblin (D:1)
  A quokka (D:1)
  A frilled lizard (D:1)
  2 kobolds (D:1)
  2 rats (D:1)
18 creatures vanquished.

Notes
Turn   | Place    | Note
-------+----------+-------------------------------------------
     0 | D:1      | jimonade the Octopode Transmuter began the quest for the
                  | Orb.
     0 | D:1      | Reached XP level 1. HP: 13/13 MP: 3/3
   497 | D:1      | Reached XP level 2. HP: 16/18 MP: 3/5
   820 | D:1      | Slain by a gnoll

Illustrated notes

Levels and vault maps discovered:
D:1:      nicolae_arrival_washed_ashore, layout_rooms, st_stairs_8, minivault_5,
          minmay_hedge_maze, minmay_hexomino_c4

Action                   || total
-------------------------++-------
Melee: Unarmed           ||    30
       Constrict         ||     9
       Kick              ||     5
       Tentacles         ||     5
 Cast: Beastly Appendage ||    12
 Stab: Sleeping          ||     1
Armor: Skin              ||     3
Dodge: Dodged            ||    13

Table legend: (Time is in decaauts)
 A = Elapsed time spent in this place.
 B = Non-inter-level travel time spent in this place.
 C = Inter-level travel time spent in this place.
 D = Time resting spent in this place.
 E = Time spent auto-exploring this place.
 F = Levels seen in this place.
 G = Mean time per level.
                   A        B        C        D        E       F      G
               +--------+--------+--------+--------+--------+-----+--------+
         Total |    818 |    818 |      0 |    207 |    378 |   1 |  818.0 |
       Dungeon |    818 |    818 |      0 |    207 |    378 |   1 |  818.0 |
               +--------+--------+--------+--------+--------+-----+--------+

Top non-repeatable levels by time:
     D:1: 818 daAuts
